cohdb
Replays
Latest Replays
All Replays
Popular Replays
Top Player Replays
Match Explorer
How It Works
Community
CoH3 Stats
Reddit
Sign in to upload your games and track your stats! →
Sign in with Steam
Match 42505297
Unlisted
Match 42505297
Overview
Messages
Build Orders
End
Kradschützen Motorcycle Team
Panzergrenadier Squad
Panzergrenadier Squad
Construct Light Support Kompanie
2.5-tonne Medical Truck
Selects Panzerjäger Kommand Battlegroup
Selects Tank Busters
Panzerjäger Squad
Fire Support Elements
Veteran Squad Leaders
Flakvierling Half-track
Panzerjäger Squad
Construct Panzerarmee Kommand
Selects Mine Fields
Selects Defensive Positions
Selects Butterfly Bomb Drop
2.5-tonne Medical Truck
Selects Crew Shock Tactics
Panzer III L Medium Tank
Tungsten Core Ammunition
Vehicle Survival Package
Butterfly Bomb Drop
Panzer III L Medium Tank
Butterfly Bomb Drop
Panzer III L Medium Tank
Butterfly Bomb Drop
2.5-tonne Medical Truck
Selects Anti-tank Overwatch
Emergency Repair Kits
Butterfly Bomb Drop
R.U.C
Karadoc
Fire [Goat Company]
Team saupiquet
uur
Axis For Braindeads
Tuhaf
ramses(tiriska)
0
0
Comments
sign in to comment!
No comments posted yet!